SNL (28 & UNDER)
GAINESVILLE GUIDOS @ WEST PALM REDS
09/24/2023
 
TOP OF THE 1ST
Gainesville Guidos batting - Pitching for West Palm Reds : LHP Octávio Ramírez
Pitching: LHP Octávio Ramírez
Batting: RHB Noriyori Ine 0-0: Ball
1-0: Ball
2-0: Ball
3-0: Called Strike
3-1: Called Strike
3-2: Strikes out swinging
Batting: RHB Pedro Mata 0-0: Ball
1-0: Ball
2-0: Ball
3-0: Base on Balls
Batting: RHB José Fernández 0-0: Ball
1-0: Foul Ball, location: 2F
1-1: Ball
2-1: Called Strike
2-2: Ball
3-2: SINGLE (Groundball, 4M)
Pedro Mata to second
Runner from 2nd tries for 3rd, SAFE, throw made to third
Batting: LHB David Murphy 0-0: Foul Ball, location: 2F
Pickoff Throw to First - Out!
0-1: SINGLE (Groundball, 56)
Pedro Mata scores
Batting: RHB Satoru Daikawa 0-0: Ball
1-0: Called Strike
1-1: Ball
2-1: Fly out, F7 (Flyball, 78D)
Top of the 1st over - 1 run(s), 2 hit(s), 0 error(s), 1 left on base; Gainesville 1 - West Palm 0
BOTTOM OF THE 1ST
West Palm Reds batting - Pitching for Gainesville Guidos : RHP Fernando Rodríguez
Pitching: RHP Fernando Rodríguez
Batting: SHB Francis Shaffer 0-0: Foul Ball, location: 2F
0-1: Swinging Strike
0-2: Foul Ball, location: 2F
0-2: SINGLE (Popup, 78S)
Batting: RHB Juan Vareas 0-0: Ball
1-0: Ball
2-0: Foul Ball, location: 2F
2-1: Ball
3-1: SINGLE (Flyball, 9LM)
Francis Shaffer to second
Batting: LHB Enrique Cortéz 0-0: Swinging Strike
0-1: Fielders Choice at 2nd, 1-6 (Groundball, 23)
Francis Shaffer to third
Batting: LHB Jeff McKinney 0-0: Foul Ball, location: 2F
0-1: Swinging Strike
0-2: Ball
1-2: Strikes out looking
Batting: SHB Todd Smith 0-0: Ball
1-0: Called Strike
1-1: Ball
2-1: Ball
3-1: Swinging Strike
3-2: Strikes out swinging
Bottom of the 1st over - 0 run(s), 2 hit(s), 0 error(s), 2 left on base; Gainesville 1 - West Palm 0
TOP OF THE 2ND
Gainesville Guidos batting - Pitching for West Palm Reds : LHP Octávio Ramírez
Batting: RHB Fernando Mendoza 0-0: Called Strike
0-1: Fly out, F7 (Flyball, 78M)
Batting: RHB Mitch Thomas 0-0: Foul Ball, location: 2F
0-1: Foul Ball, location: 2F
0-2: Ball
1-2: Ball
2-2: Foul Ball, location: 2F
2-2: Ball
3-2: Strikes out swinging
Batting: SHB Reynaldo Gallegos 0-0: Ball
1-0: Called Strike
1-1: Fly out, F8 (Flyball, 8RS)
Top of the 2nd over - 0 run(s), 0 hit(s), 0 error(s), 0 left on base; Gainesville 1 - West Palm 0
BOTTOM OF THE 2ND
West Palm Reds batting - Pitching for Gainesville Guidos : RHP Fernando Rodríguez
Batting: RHB Jack Ray 0-0: Ground out 5-3 (Groundball, 56)
Batting: LHB Jeff Doss 0-0: Ball
1-0: Swinging Strike
1-1: Swinging Strike
1-2: Ball
2-2: Ball
3-2: Foul Ball, location: 2F
3-2: Base on Balls
Batting: LHB Bill Smith 0-0: Swinging Strike
0-1: Called Strike
0-2: SINGLE (Groundball, 13) (infield hit)
Jeff Doss to second
Batting: SHB Alex Hayes 0-0: Ball
1-0: Called Strike
1-1: Grounds into double play, 4-6-3 (Groundball, 4)
Bottom of the 2nd over - 0 run(s), 1 hit(s), 0 error(s), 1 left on base; Gainesville 1 - West Palm 0
TOP OF THE 3RD
Gainesville Guidos batting - Pitching for West Palm Reds : LHP Octávio Ramírez
Batting: RHB Iván Moreno 0-0: Called Strike
0-1: Foul Ball, location: 2F
0-2: Ball
1-2: Strikes out looking
Batting: RHB Noriyori Ine 0-0: Ball
1-0: Called Strike
1-1: Foul Ball, location: 2F
1-2: Foul Ball, location: 2F
1-2: Ball
2-2: Strikes out swinging
Batting: RHB Pedro Mata 0-0: Ball
1-0: Called Strike
1-1: Fly out, F6 (Popup, 6D)
Top of the 3rd over - 0 run(s), 0 hit(s), 0 error(s), 0 left on base; Gainesville 1 - West Palm 0
BOTTOM OF THE 3RD
West Palm Reds batting - Pitching for Gainesville Guidos : RHP Fernando Rodríguez
Batting: SHB Francis Shaffer 0-0: Ball
1-0: DOUBLE (Groundball, 5L)
Batting: RHB Juan Vareas 0-0: Swinging Strike
0-1: Ball
1-1: Ball
2-1: Foul Ball, location: 2F
2-2: Foul Ball, location: 2F
2-2: SINGLE (Flyball, 9S)
Francis Shaffer to third
Batting: LHB Enrique Cortéz 0-0: Called Strike
0-1: 3-RUN HOME RUN (Line Drive, 89XD), Distance : 432 ft
Batting: LHB Jeff McKinney 0-0: Called Strike
0-1: Fly out, F7 (Flyball, 78M)
Batting: SHB Todd Smith 0-0: Foul Ball, location: 2F
0-1: Ball
1-1: Ball
2-1: Ball
3-1: Base on Balls
Batting: RHB Jack Ray 0-0: Ball
1-0: Called Strike
1-1: Foul Ball, location: 2F
1-2: Ball
2-2: Strikes out swinging
Batting: LHB Jeff Doss 0-0: Ball
1-0: Foul Ball, location: 2F
1-1: Hit by Pitch
Todd Smith to second
Batting: LHB Bill Smith 0-0: Called Strike
0-1: Ball
1-1: Ball
2-1: Ball
3-1: Foul Ball, location: 2F
3-2: Base on Balls
Todd Smith to third
Jeff Doss to second
Batting: SHB Alex Hayes 0-0: Fly out, F7 (Flyball, 7LM)
Bottom of the 3rd over - 3 run(s), 3 hit(s), 0 error(s), 3 left on base; Gainesville 1 - West Palm 3
TOP OF THE 4TH
Gainesville Guidos batting - Pitching for West Palm Reds : LHP Octávio Ramírez
Batting: RHB José Fernández 0-0: Called Strike
0-1: Ball
1-1: Ball
2-1: Called Strike
2-2: Foul Ball, location: 2F
2-2: Strikes out swinging
Batting: LHB David Murphy 0-0: Ball
1-0: Called Strike
1-1: Ball
2-1: Swinging Strike
2-2: Foul Ball, location: 2F
2-2: Ball
3-2: Base on Balls
Batting: RHB Satoru Daikawa 0-0: Ball
1-0: Ball
2-0: 2-RUN HOME RUN (Flyball, 78XD), Distance : 427 ft
Batting: RHB Fernando Mendoza 0-0: Ball
1-0: Swinging Strike
1-1: Swinging Strike
1-2: Strikes out swinging
Batting: RHB Mitch Thomas 0-0: Swinging Strike
0-1: Ball
1-1: Ground out 6-3 (Groundball, 6MS)
Top of the 4th over - 2 run(s), 1 hit(s), 0 error(s), 0 left on base; Gainesville 3 - West Palm 3
BOTTOM OF THE 4TH
West Palm Reds batting - Pitching for Gainesville Guidos : RHP Fernando Rodríguez
Batting: SHB Francis Shaffer 0-0: Ground out 1-3 (Groundball, 25)
Batting: RHB Juan Vareas 0-0: Ball
1-0: Ball
2-0: Ball
3-0: Called Strike
3-1: Foul Ball, location: 2F
3-2: SINGLE (Groundball, 25) (infield hit)
Batting: LHB Enrique Cortéz 0-0: Ball
1-0: Ball
2-0: Called Strike
2-1: Grounds into double play, 5-4-3 (Groundball, 56)
Bottom of the 4th over - 0 run(s), 1 hit(s), 0 error(s), 0 left on base; Gainesville 3 - West Palm 3
TOP OF THE 5TH
Gainesville Guidos batting - Pitching for West Palm Reds : LHP Octávio Ramírez
Batting: SHB Reynaldo Gallegos 0-0: Called Strike
0-1: SINGLE (Line Drive, 7S)
Batting: RHB Iván Moreno 0-0: Ball
1-0: Fly out, F4 (Popup, 34)
Batting: RHB Noriyori Ine 0-0: Called Strike
0-1: Ball
1-1: Ball
2-1: SINGLE (Flyball, 8LS)
Reynaldo Gallegos to second
Runner from 2nd tries for 3rd, SAFE, throw made to third
Batting: RHB Pedro Mata 0-0: Ball
Noriyori Ine is caught stealing 2nd base
1-0: Ball
2-0: Foul Ball, location: 2F
2-1: SINGLE (Line Drive, 6M)
Reynaldo Gallegos scores
Batting: RHB José Fernández 0-0: Ball
1-0: Ball
2-0: Called Strike
2-1: Called Strike
2-2: Strikes out looking
Top of the 5th over - 1 run(s), 3 hit(s), 0 error(s), 1 left on base; Gainesville 4 - West Palm 3
BOTTOM OF THE 5TH
West Palm Reds batting - Pitching for Gainesville Guidos : RHP Fernando Rodríguez
Batting: LHB Jeff McKinney 0-0: Ball
1-0: Ground out 4-3 (Groundball, 4)
Batting: SHB Todd Smith 0-0: Ball
1-0: Ball
2-0: Foul Ball, location: 2F
2-1: Swinging Strike
2-2: Ball
3-2: Ground out 4-3 (Groundball, 4M)
Batting: RHB Jack Ray 0-0: Called Strike
0-1: Foul Ball, location: 2F
0-2: Foul Ball, location: 2F
0-2: Foul Ball, location: 2F
0-2: Ball
1-2: Foul Ball, location: 2F
1-2: Strikes out swinging
Bottom of the 5th over - 0 run(s), 0 hit(s), 0 error(s), 0 left on base; Gainesville 4 - West Palm 3
TOP OF THE 6TH
Gainesville Guidos batting - Pitching for West Palm Reds : LHP Octávio Ramírez
Batting: LHB David Murphy 0-0: Ball
1-0: Fly out, F5 (Popup, 5SF)
Batting: RHB Satoru Daikawa 0-0: Swinging Strike
0-1: Foul Ball, location: 2F
0-2: Strikes out swinging
Batting: RHB Fernando Mendoza 0-0: Ball
1-0: Ball
2-0: Foul Ball, location: 2F
2-1: Fly out, F8 (Flyball, 8LM)
Top of the 6th over - 0 run(s), 0 hit(s), 0 error(s), 0 left on base; Gainesville 4 - West Palm 3
BOTTOM OF THE 6TH
West Palm Reds batting - Pitching for Gainesville Guidos : RHP Fernando Rodríguez
Batting: LHB Jeff Doss 0-0: Called Strike
0-1: Ball
1-1: Fly out, F8 (Flyball, 8LM)
Pitching: RHP Pat Wright
Batting: LHB Bill Smith 0-0: Ball
1-0: Ball
2-0: Foul Ball, location: 2F
2-1: Ball
3-1: Foul Ball, location: 2F
3-2: Fly out, F8 (Flyball, 89D)
Batting: SHB Alex Hayes 0-0: Ball
1-0: Ball
2-0: Called Strike
2-1: Called Strike
2-2: Foul Ball, location: 2F
2-2: Ground out 6-3 (Groundball, 6M)
Bottom of the 6th over - 0 run(s), 0 hit(s), 0 error(s), 0 left on base; Gainesville 4 - West Palm 3
TOP OF THE 7TH
Gainesville Guidos batting - Pitching for West Palm Reds : LHP Octávio Ramírez
Pitching: RHP Carlos Gonzáles
Batting: RHB Mitch Thomas 0-0: Ball
1-0: Ball
2-0: Ball
3-0: Called Strike
3-1: Fly out, F6 (Popup, 56D)
Batting: SHB Reynaldo Gallegos 0-0: Ball
1-0: Foul Ball, location: 2F
1-1: Ground out 1-3 (Groundball, 13)
Batting: RHB Iván Moreno 0-0: Swinging Strike
0-1: Foul Ball, location: 2F
0-2: Ball
1-2: Strikes out swinging
Top of the 7th over - 0 run(s), 0 hit(s), 0 error(s), 0 left on base; Gainesville 4 - West Palm 3
BOTTOM OF THE 7TH
West Palm Reds batting - Pitching for Gainesville Guidos : RHP Pat Wright
Batting: SHB Francis Shaffer 0-0: Called Strike
0-1: Ball
1-1: Foul Ball, location: 2F
1-2: Strikes out looking
Batting: RHB Juan Vareas 0-0: Called Strike
0-1: Foul Ball, location: 2F
0-2: Ball
1-2: Ball
2-2: Ball
3-2: Foul Ball, location: 2F
3-2: Foul Ball, location: 2F
3-2: Strikes out swinging
Batting: LHB Enrique Cortéz 0-0: Ball
1-0: Called Strike
1-1: Fly out, F8 (Flyball, 8LD)
Bottom of the 7th over - 0 run(s), 0 hit(s), 0 error(s), 0 left on base; Gainesville 4 - West Palm 3
TOP OF THE 8TH
Gainesville Guidos batting - Pitching for West Palm Reds : RHP Carlos Gonzáles
Batting: RHB Noriyori Ine 0-0: Called Strike
0-1: Swinging Strike
0-2: Ball
1-2: Ground out 3-1 (Groundball, 34)
Batting: RHB Pedro Mata 0-0: Ball
1-0: Called Strike
1-1: Ground out 3-1 (Groundball, 34)
Batting: RHB José Fernández 0-0: Called Strike
0-1: Ball
1-1: Foul Ball, location: 2F
1-2: Ball
2-2: Ground out 6-3 (Groundball, 6)
Top of the 8th over - 0 run(s), 0 hit(s), 0 error(s), 0 left on base; Gainesville 4 - West Palm 3
BOTTOM OF THE 8TH
West Palm Reds batting - Pitching for Gainesville Guidos : RHP Pat Wright
Pitching: LHP Mike Scott
Now at 1B: Marcos Villarreal
Now at 2B: José Ortega
Batting: LHB Jeff McKinney 0-0: Ball
1-0: Called Strike
1-1: Ball
2-1: Ball
3-1: Called Strike
3-2: Strikes out swinging
Pitching: RHP Juan Patino
Batting: SHB Todd Smith 0-0: Ground out 4-3 (Groundball, 4)
Batting: RHB Jack Ray 0-0: SINGLE (Groundball, 34D)
Batting: LHB Jeff Doss 0-0: Ball
1-0: SINGLE (Line Drive, 89S)
Jack Ray to second
Batting: LHB Bill Smith 0-0: Ball
1-0: Foul Ball, location: 2F
1-1: Ball
2-1: SINGLE (Groundball, 34D)
Jack Ray to third
Jeff Doss to second
Runner from 3rd tries for Home, SAFE, throw made home
Batting: SHB Alex Hayes 0-0: Ball
1-0: Ball
2-0: Ground out 6-3 (Groundball, 6)
Bottom of the 8th over - 1 run(s), 3 hit(s), 0 error(s), 2 left on base; Gainesville 4 - West Palm 4
TOP OF THE 9TH
Gainesville Guidos batting - Pitching for West Palm Reds : RHP Carlos Gonzáles
Pitching: RHP Kei Hashimoto
Batting: LHB David Murphy 0-0: Ball
1-0: Called Strike
1-1: Foul Ball, location: 2F
1-2: Ball
2-2: Strikes out swinging
Batting: RHB Satoru Daikawa 0-0: Ball
1-0: Ball
2-0: Foul Ball, location: 2F
2-1: Foul Ball, location: 2F
2-2: SINGLE (Groundball, 56D)
Pinch Hitting: RHB Kurt Walter 0-0: Ball
1-0: Ball
2-0: Called Strike
2-1: Ball
3-1: Foul Ball, location: 2F
3-2: Foul Ball, location: 2F
3-2: Fly out, F6 (Popup, 6M)
Pinch Hitting: SHB Mark Wells 0-0: Ball
1-0: Called Strike
1-1: Ball
2-1: Called Strike
2-2: Foul Ball, location: 2F
2-2: Strikes out swinging
Top of the 9th over - 0 run(s), 1 hit(s), 0 error(s), 1 left on base; Gainesville 4 - West Palm 4
BOTTOM OF THE 9TH
West Palm Reds batting - Pitching for Gainesville Guidos : RHP Juan Patino
Pitching: RHP Lance Sanders
Now at 3B: Mark Owens
Now at SS: Juan Carlos Alfonzo
Pinch Hitting: RHB Juan López 0-0: Called Strike
0-1: Swinging Strike
0-2: Ball
1-2: Ball
2-2: Ball
3-2: Foul Ball, location: 2F
3-2: Ground out 1-3 (Groundball, 13S)
Batting: RHB Juan Vareas 0-0: Called Strike
0-1: Foul Ball, location: 2F
0-2: Strikes out swinging
Batting: LHB Enrique Cortéz 0-0: Foul Ball, location: 2F
0-1: Ball
1-1: Ground out 6-3 (Groundball, 6M)
Bottom of the 9th over - 0 run(s), 0 hit(s), 0 error(s), 0 left on base; Gainesville 4 - West Palm 4
TOP OF THE 10TH
Gainesville Guidos batting - Pitching for West Palm Reds : RHP Kei Hashimoto
Now at 3B: Ánibal Martínez
Batting: SHB Reynaldo Gallegos 0-0: Ball
1-0: Called Strike
1-1: SINGLE (Line Drive, 4D)
Batting: RHB José Ortega 0-0: Called Strike
Reynaldo Gallegos is caught stealing 2nd base
0-1: Fly out, F7 (Flyball, 7LD)
Batting: RHB Noriyori Ine 0-0: Fly out, F7 (Flyball, 78M)
Top of the 10th over - 0 run(s), 1 hit(s), 0 error(s), 0 left on base; Gainesville 4 - West Palm 4
BOTTOM OF THE 10TH
West Palm Reds batting - Pitching for Gainesville Guidos : RHP Lance Sanders
Batting: LHB Jeff McKinney 0-0: Hit by Pitch
Batting: SHB Todd Smith 0-0: Ball
1-0: Ball
2-0: Called Strike
2-1: Foul Ball, location: 2F
2-2: Fielders Choice at 2nd, 3-6 (Groundball, 34)
Batting: RHB Jack Ray 0-0: Ball
1-0: Ball
2-0: Called Strike
2-1: Foul Ball, location: 2F
2-2: Foul Ball, location: 2F
2-2: Ball
3-2: Base on Balls
Todd Smith to second
Batting: LHB Jeff Doss 0-0: Ball
Todd Smith is caught stealing 3rd base
Jack Ray to second
1-0: Called Strike
1-1: Swinging Strike
1-2: Ground out 5-3 (Groundball, 5S)
Bottom of the 10th over - 0 run(s), 0 hit(s), 0 error(s), 1 left on base; Gainesville 4 - West Palm 4
TOP OF THE 11TH
Gainesville Guidos batting - Pitching for West Palm Reds : RHP Kei Hashimoto
Pitching: RHP Dave Woods
Batting: RHB Pedro Mata 0-0: Ball
1-0: SINGLE (Line Drive, 7S)
Batting: LHB Marcos Villarreal 0-0: Ball
1-0: Ball
2-0: Ball
3-0: Base on Balls
Pedro Mata to second
Batting: LHB David Murphy 0-0: Ball
1-0: Fly out, F5 (Popup, 5DF)
Batting: RHB Satoru Daikawa 0-0: Called Strike
0-1: Ball
1-1: Foul Ball, location: 2F
1-2: Strikes out looking
Batting: RHB Juan Carlos Alfonzo 0-0: Ball
1-0: Ball
2-0: Called Strike
2-1: Fielders Choice at 2nd, 6-4 (Groundball, 56)
Top of the 11th over - 0 run(s), 1 hit(s), 0 error(s), 1 left on base; Gainesville 4 - West Palm 4
BOTTOM OF THE 11TH
West Palm Reds batting - Pitching for Gainesville Guidos : RHP Lance Sanders
Pitching: LHP Pedro Flores
Pinch Hitting: RHB Carlos García 0-0: Foul Ball, location: 2F
0-1: Ball
1-1: Ground out 3-1 (Groundball, 34S)
Pinch Hitting: RHB Félix García 0-0: Ball
1-0: Ball
2-0: Ball
3-0: Called Strike
3-1: Base on Balls
Pinch Runner at 1st Jermaine Carter:
Pinch Hitting: RHB Ron Edwards 0-0: Ball
1-0: Called Strike
1-1: Foul Ball, location: 2F
1-2: Foul Ball, location: 2F
1-2: Foul Ball, location: 2F
1-2: Strikes out swinging
Batting: RHB Juan Vareas 0-0: Ball
1-0: Fly out, F8 (Line Drive, 8RM)
Bottom of the 11th over - 0 run(s), 0 hit(s), 0 error(s), 1 left on base; Gainesville 4 - West Palm 4
TOP OF THE 12TH
Gainesville Guidos batting - Pitching for West Palm Reds : RHP Dave Woods
Now at C: Alejandro Martínez
Now at 1B: Carlos García
Now at 3B: Alejandro Rodríguez
Batting: LHB Mark Owens 0-0: Ball
1-0: Swinging Strike
1-1: Ball
2-1: Swinging Strike
2-2: Strikes out looking
Batting: SHB Reynaldo Gallegos 0-0: Called Strike
0-1: Ball
1-1: Ground out 1-3 (Groundball, 13)
Batting: RHB José Ortega 0-0: Foul Ball, location: 2F
0-1: Called Strike
0-2: Ball
1-2: Ball
2-2: Ground out 6-3 (Groundball, 6M)
Top of the 12th over - 0 run(s), 0 hit(s), 0 error(s), 0 left on base; Gainesville 4 - West Palm 4
BOTTOM OF THE 12TH
West Palm Reds batting - Pitching for Gainesville Guidos : LHP Pedro Flores
Batting: LHB Enrique Cortéz 0-0: Swinging Strike
0-1: Ball
1-1: Called Strike
1-2: Ball
2-2: SINGLE (Line Drive, 6)
Batting: LHB Jeff McKinney 0-0: Called Strike
0-1: Swinging Strike
0-2: DOUBLE (Flyball, 78XD)
Enrique Cortéz to third
Batting: SHB Todd Smith 0-0: Fly out, F7 (Flyball, 7D)
Runner from 3rd tags up, SCORES, no throw
This league is powered by Out of the Park Baseball, the baseball management simulation game for PC, Mac and Linux
Wednesday, December 2nd, 2015 - OOTP Baseball 16.8 Build 38